AoeStats
← Xanny

Yucatan

503573355Analyzed
4v4 RM · 1mo ago on Sep 1, 2026· 29m 0s· 8 players
Game mode
Random Map
Map size
Large (8 player)
Population
200
Speed
Normal
Resources
Standard
Victory
Conquest
Starting age
Dark Age
Ending age
Imperial Age
RankedLock teamsTeams togetherTeam positionsShared explorationLock speedFull tech treeHidden civsTurbo modeCheats
Victory
Defeat
🇭🇰 Cumans · Hong Kong SAR China
1299
+13
🇻🇳 Vikings · Vietnam
1293
+13
🇹🇼 Franks · Taiwan
1289
+14
🇯🇵 Mongols · Japan
1277
+14
🇮🇩 Gurjaras · Indonesia
1300
-17
🇨🇳 Persians · China
1230
-13
🇺🇸 Mongols · United States
1215
-13
🇨🇳 Huns · China
1200
-12
PeterWong1988
4:05 Loom
10:41 Feudal Age
12:21 Double-Bit Axe
17:06 Castle Age
15:04 Fletching
16:22 Padded Archer Armor
18:31 Bow Saw
18:15 Gold Mining
28:34 Husbandry
29:28 Bloodlines
野豬騎士來囉
2:36 Loom
11:04 Feudal Age
15:09 Castle Age
13:07 Double-Bit Axe
24:13 Bow Saw
25:27 Wheelbarrow
30:01 Imperial Age
28:02 Scale Barding Armor
28:47 Forging
29:56 Chain Barding Armor
STephen
8:58 Feudal Age
11:06 Double-Bit Axe
11:04 Horse Collar
17:11 Wheelbarrow
20:35 Castle Age
18:22 Loom
18:51 Gold Mining
19:44 Scale Barding Armor
19:49 Forging
21:02 Bloodlines
21:43 Chain Barding Armor
21:50 Bow Saw
21:42 Heavy Plow
22:29 Gold Shaft Mining
25:09 Iron Casting
25:20 Stone Mining
27:44 Hand Cart
27:15 Town Watch
bina
7:14 Loom
9:15 Feudal Age
9:28 Man-at-Arms
10:00 Double-Bit Axe
14:51 Arson
16:02 Fletching
17:52 Padded Archer Armor
17:54 Horse Collar
23:58 Castle Age
22:27 Gold Mining
22:32 Stone Mining
24:02 Crossbowman
25:53 Bow Saw
5720638
8:02 Loom
11:12 Feudal Age
14:47 Castle Age
12:57 Double-Bit Axe
23:39 Wheelbarrow
26:22 Hand Cart
25:53 Town Watch
26:42 Bloodlines
28:32 Scale Barding Armor
31:16 Imperial Age
29:01 Forging
28:42 Gold Mining
28:44 Stone Mining
29:43 Chain Barding Armor
peona
6:59 Loom
10:11 Feudal Age
14:57 Scale Barding Armor
15:42 Forging
16:46 Double-Bit Axe
17:15 Bloodlines
17:54 Horse Collar
21:22 Stone Mining
22:05 Fletching
23:49 Padded Archer Armor
26:03 Castle Age
25:45 Gold Mining
26:51 Bodkin Arrow
Xanny
10:50 Feudal Age
15:24 Castle Age
13:47 Double-Bit Axe
13:56 Horse Collar
14:08 Loom
18:24 Bow Saw
18:58 Heavy Plow
25:02 Husbandry
25:13 Scale Barding Armor
26:16 Forging
26:55 Gold Mining
28:26 Bloodlines
佛山大维哥
6:16 Loom
11:02 Feudal Age
16:34 Castle Age
Connection lost

Rejoining the realm…

Still unreachable

The connection could not be restored.

Session expired

The server has moved on; the page needs a fresh start.